 Dungeon Crawl Stone Soup version 0.19.1 (webtiles) character file.

70 CanadianGator the Firebug (level 4, 0/35 HPs)
             Began as a Hill Orc Fire Elementalist on Jan 10, 2017.
             Killed from afar by Sigmund (6 damage)
             ... with a puff of flame
             ... on level 2 of the Dungeon.
             The game lasted 00:04:38 (1477 turns).

CanadianGator the Firebug (HOFE)                    Turns: 1477, Time: 00:04:38

Health: 0/35       AC:  5    Str: 11    XL:     4   Next: 21%
Magic:  6/6        EV: 10    Int: 20    God:
Gold:   64         SH:  2    Dex: 11    Spells: 1 memorised, 5 levels left

rFire  . . .     SeeInvis .     f - +1 short sword (protect)
rCold  . . .     Gourm    .     i - +0 ring mail (curse)
rNeg   . . .     Faith    .     (no shield)
rPois  .         Spirit   .     (no helmet)
rElec  .         Reflect  +     (no cloak)
rCorr  .         Harm     .     (no gloves)
MR     .....                    (no boots)
Stlth  +.........               d - +2 amulet of reflection
                                (no ring)
                                (no ring)

@: brilliant
A: no striking features
a: no special abilities


You were on level 2 of the Dungeon.
You were not hungry.

You visited 1 branch of the dungeon, and saw 2 of its levels.

You collected 64 gold pieces.

Inventory:

Hand Weapons
 f - a +1 short sword of protection (weapon)
Armour
 a - a +0 robe
 i - a cursed +0 ring mail (worn)
Jewellery
 d - a +2 amulet of reflection (around neck)
Scrolls
 e - 2 scrolls of remove curse {unknown}
 h - a scroll of magic mapping {unknown}
 j - a scroll of teleportation {unknown}
 k - a scroll of random uselessness {unknown}
Books
 b - a book of Flames

   Spells                             Type                      Level
   a - Flame Tongue                   Conjuration/Fire             1
   b - Throw Flame                    Conjuration/Fire             2
   c - Conjure Flame                  Conjuration/Fire             3
   d - Inner Flame                    Hexes/Fire                   3
   e - Sticky Flame                   Conjuration/Fire             4
   f - Fireball                       Conjuration/Fire             5
Comestibles
 c - a bread ration


   Skills:
 + Level 1.2 Fighting
 + Level 2.0 Dodging
 - Level 1.5 Stealth
 - Level 1.5 Spellcasting
 + Level 2.2 Conjurations
 * Level 4.3 Fire Magic


You had 5 spell levels left.
You knew the following spells:

 Your Spells              Type           Power        Failure   Level  Hunger
a - Flame Tongue          Conj/Fire      ####.        1%          1    #......


Dungeon Overview and Level Annotations

Branches:
Dungeon (2/15)

Altars:

Annotations:
D:2 Sigmund


Message History

The puff of flame hits you!
You bump into the rock wall.
You bump into the rock wall.
Okay, then.
You're too confused!
You bump into the rock wall.
Something hits you.
It was a potion of brilliance.
You feel clever all of a sudden. Something hits you but does no damage.
You bump into the rock wall.
You bump into the rock wall.
You feel less confused. Something hits you. Something hits you!
* * * LOW HITPOINT WARNING * * *
An adder comes into view.
The adder hisses angrily.
A puff of flame appears from out of thin air!
The puff of flame hits you!
You die...

# #..###......##.##.
#.##...##......##.##.
#...............#.##.
.####.##.#.##.....)##.##.
............>.###.##.##.
...........#..###(##.##. . #
###.##.#..#..##.†......
#..#..###....##.#..##>(######
.........S..@##..#.##..######
......###....##..#.#.........
..... #.##.##.......(######
#.....###.##.##.#......#####
#..........................#
...........................#
..#...###.##.##.##.........#
...... #.##.# .##.........#
..#.. ...... ##.........#


You could see an adder.

Vanquished Creatures
  Jessica (D:2)
  A gnoll (D:1)
  A dart slug (D:1)
  A leopard gecko (D:1)
  2 bats (D:1)
  3 giant cockroaches (D:1)
  4 hobgoblins
  6 kobolds
  A quokka (D:2)
  A frilled lizard (D:1)
  5 goblins
  2 rats (D:1)
28 creatures vanquished.

Notes
Turn   | Place    | Note
-------+----------+-------------------------------------------
     0 | D:1      | CanadianGator the Hill Orc Fire Elementalist began the quest for the Orb.
     0 | D:1      | Reached XP level 1. HP: 14/14 MP: 3/3
   201 | D:1      | Reached XP level 2. HP: 20/20 MP: 1/4
   642 | D:1      | Reached XP level 3. HP: 10/27 MP: 5/5
  1351 | D:2      | Reached skill level 4 in Fire Magic
  1372 | D:2      | Noticed Jessica
  1388 | D:2      | Killed Jessica
  1388 | D:2      | Reached skill level 1 in Fighting
  1388 | D:2      | Reached XP level 4. HP: 26/35 MP: 6/6
  1453 | D:2      | Noticed Sigmund
  1477 | D:2      | Killed from afar by Sigmund

Skill      XL: |  1  2  3 |
---------------+----------+-----
Conjurations   | 2 |  2.2
Fire Magic     | 4 |  4.3
Fighting       | 1 |  1.2
Dodging        | 2 |  2.0
Stealth        | |  1.5
Spellcasting   | |  1.5

Action                   |  1- 3 |  4- 6 || total
-------------------------+-------+-------++-------
Melee: Short sword       |    66 |     4 ||    70
 Cast: Flame Tongue      |    14 |     1 ||    15
  Use: Potion            |       |     1 ||     1
  Eat: Chunk             |     1 |       ||     1
       Bread ration      |       |     1 ||     1
Armor: Robe              |     5 |       ||     5
       Ring mail         |    19 |     1 ||    20
Dodge: Dodged            |    40 |     2 ||    42
Block: Other             |     3 |       ||     3
